Unix NetHack Version 3.7.0-94 Work-in-progress - last build Dec 13 2023 01:40:03 (eb5afe49d650b6f5c6196fad733e3b2b9fb6c025,branch:master). Game began 2023-12-17 16:13:15, ended 2023-12-17 16:46:16. proxxiSWE, lawful male human Archeologist ------ # |....| ----------.---- ####.....| |..............## |..... |>............| #.....| --------------- #|....| ---.--.--- ## ##|<...| |F....... # # ------# |rd.... ## ############## |.F.. -----------.--# # -B- |............|# # @ |............|# # # |.............# # ## |........{...| ## ### |............| #--------.-.---- -------------- #|..............# #|.....>.......| #..............| ------------.-- ProxxiSWE the Field Worker St:11 Dx:14 Co:12 In:14 Wi:14 Ch:10 Lawful S:570 Dlvl:4 $:22 HP:0(32) Pw:17(17) AC:4 Xp:4/82 T:2786 Burdened Latest messages: Whammm!! In what direction? j As you kick the door, it crashes open! In what direction? j You kick at empty space. You find a hidden door. The door opens. The jackal misses! The jackal bites! The giant rat bites! You kill the jackal! Welcome to experience level 4. The giant rat bites! You kill the giant rat! You miss the giant bat. The giant bat bites! The giant bat bites! You hit the giant bat. The giant bat misses! The giant bat misses! The giant bat bites! The giant bat bites! What do you want to write with? [- airtzO or ?*] - You write in the dust with your fingertip. What do you want to write in the dust here? Elbereth The giant bat turns to flee. The giant bat misses! The giant bat bites! What do you want to drink? [em-oyCE or ?*] ? You feel better. The giant bat bites! The giant bat bites! What do you want to drink? [em-oyCE or ?*] m You feel better. The giant bat bites! The giant bat bites! The giant bat bites! What do you want to wield? [- ap or ?*] a a - a +3 bullwhip (weapon in right hand). The giant bat bites! The giant bat bites! You lash the giant bat! The giant bat bites! The giant bat bites! You lash the giant bat! The giant bat misses! The giant bat bites! The giant bat bites! You die... Do you want your possessions identified? [ynq] (y) q Inventory: Coins $ - 22 gold pieces Weapons a - a +3 bullwhip (weapon in right hand) Armor q - an uncursed +1 orcish helm (being worn) k - an uncursed +0 scale mail (being worn) Comestibles d - 8 uncursed food rations w - an uncursed fortune cookie H - an uncursed lembas wafer s - an uncursed tripe ration Scrolls x - a cursed scroll of blank paper l - an uncursed scroll of enchant weapon h - an uncursed scroll of gold detection v - a blessed scroll of light Potions n - an uncursed potion of booze e - an uncursed potion of enlightenment o - a blessed potion of polymorph C - a cursed potion of sickness y - an uncursed potion of speed E - a potion of holy water Rings O - a blessed +1 ring of increase damage (on left hand) r - an uncursed ring of warning Tools B - an empty uncursed sack g - an uncursed magic lamp i - a magic marker (0:14) p - a +0 pick-axe u - an uncursed skeleton key f - a tinning kit (0:31) z - an uncursed towel Gems/Stones t - an uncursed touchstone ProxxiSWE the Archeologist's attributes: Background: You were a Field Worker, a level 4 male human Archeologist. You were lawful, on a mission for Quetzalcoatl who was opposed by Camaxtli (neutral) and Huhetotl (chaotic). You were right-handed. You were in the Dungeons of Doom, on level 4. You entered the dungeon 2786 turns ago. You had 82 experience points, 78 more were needed to attain level 5. Your score was 570 before end-of-game adjustments. Basics: You had 0 out of 32 hit points. You had all 17 energy points (spell power). Your armor class was 4. Your wallet contained 22 zorkmids. Autopickup was on for '$"?!=/' plus thrown. Final Characteristics: Your strength was 11 (limit:18/100). Your dexterity was 14 (limit:18). Your constitution was 12 (limit:18). Your intelligence was 14 (limit:18). Your wisdom was 14 (limit:18). Your charisma was 10 (limit:18). Final Status: You weren't hungry. You were burdened; movement was slightly slowed. You were wielding a whip. You had basic skill with whip. Final Attributes: You were piously aligned. You had automatic searching. You had a small damage bonus (+1). You were warded. You are dead. Miscellaneous: You never encountered a bones level. Total elapsed playing time was 32 minutes and 59 seconds. Major events: Turn 1: proxxiSWE the lawful male human Archeologist entered the dungeon 1738: attained the rank of Field Worker (level 3) 2645: entered the Gnomish Mines 2786: killed by a giant bat Vanquished creatures: a shrieker a giant bat an iguana an acid blob 2 coyotes a hobbit a large kobold 3 giant rats a yellow mold a green mold 2 red molds a gnome zombie 4 geckos 5 jackals 2 foxes 4 kobolds a goblin 8 grid bugs 4 lichens 5 newts 49 creatures vanquished. No species were genocided or became extinct. Voluntary challenges: You read items or engraved 6 times. You engraved Elbereth 1 time. You never genocided any monsters. You never polymorphed an object. You never changed form. You used no wishes. Achievements: You entered a shop. You attained the rank of Field Worker. You entered the Gnomish Mines. The Dungeons of Doom: levels 1 to 5 Level 1: A fountain. Level 2: A general store, some fountains. Level 3: A general store, many altars, a fountain. Level 4: <- You were here. A fountain. Stairs down to The Gnomish Mines. Final resting place for you, killed by a giant bat. Level 5: The Gnomish Mines: Level 5: Game over: ---------- / \ / REST \ / IN \ / PEACE \ / \ | proxxiSWE | | 22 Au | | killed by a | | giant bat | | | | | | 2023 | *| * * * | * _________)/\\_//(\/(/\)/\//\/|_)_______ Goodbye proxxiSWE the Archeologist... You died in The Dungeons of Doom on dungeon level 4 with 568 points, and 22 pieces of gold, after 2786 moves. You were level 4 with a maximum of 32 hit points when you died.